 Dungeon Crawl Stone Soup version 0.29-a0-221-gceb61267dd (console) character file.

Game seed: 18039689760670545485

1 petzl the Vexing (level 1, 7/15 HPs)
             Began as a Formicid Arcane Marksman on Feb 26, 2022.
             Quit the game on level 1 of the Dungeon.
             The game lasted 00:00:31 (38 turns).

petzl the Vexing (Formicid Arcane Marksman)           Turns: 38, Time: 00:00:32

Health: 7/15       AC:  2    Str: 14    XL:     1   Next: 22%
Magic:  2/2        EV: 12    Int: 12    God:
Gold:   0          SH:  0    Dex: 11    Spells: 1/2 levels left

rFire   . . .      SeeInvis +   a - +0 hand crossbow
rCold   . . .      Faith    .   (no shield)
rNeg    . . .      Spirit   .   b - +0 robe
rPois   .          Reflect  .   (helmet unavailable)
rElec   .          Harm     .   (no cloak)
rCorr   .          Rampage  .   (no gloves)
Will    .....                   (no boots)
Stlth   +.........              (no amulet)
HPRegen 0.05/turn               (no ring)
MPRegen 0.08/turn               (no ring)

@: no status effects
A: permanent stasis, dig shafts and tunnels, antennae 3, four strong arms
a: Dig, Shaft Self


You were on level 1 of the Dungeon.
You visited 1 branch of the dungeon, and saw 1 of its levels.

Inventory:

Hand Weapons
 a - a +0 hand crossbow (weapon)
Armour
 b - a +0 robe (worn)


   Skills:
 + Level 1.1 Fighting
 + Level 2.0 Crossbows
 + Level 0.0 Armour
 + Level 1.7 Dodging
 + Level 0.1 Stealth
 + Level 1.1 Spellcasting
 - Level 3.6 Hexes


You had one spell level left.
You knew the following spells:

 Your Spells              Type           Power      Damage    Failure   Level
a - Slow                  Hex            36%        N/A       7%          1

Your spell library contained the following spells:

 Spells                   Type           Power      Damage    Failure   Level
 Inner Flame              Hex/Fire       5%         N/A       38%         3
 Portal Projectile        Hex/Tloc       10%        N/A       38%         3
 Cause Fear               Hex            4%         N/A       56%         4


Dungeon Overview and Level Annotations

Branches:
Dungeon (1/15)

Altars:


Innate Abilities, Weirdness & Mutations

You cannot be hasted, slowed, berserked, paralysed or teleported.
You can dig through walls and to a lower floor.
You have a pair of large antennae on your head. (SInv)
Your four strong arms can wield two-handed weapons with a shield.


Message History

Found an escape hatch in the floor.
Found a staircase leading out of the dungeon.
You open the large door.
You sense a monster nearby.
No target in view!
There is a large open door here.
You sense a monster nearby.
No target in view!
A ball python comes into view.
You shoot a bolt.
The bolt closely misses the ball python.
A ball python is nearby!
You shoot a bolt.
The bolt closely misses the ball python.
A ball python is nearby!
You shoot a bolt. The bolt hits the ball python.
The ball python is severely wounded.
A ball python is nearby!
You shoot a bolt. The bolt barely misses the ball python.
The ball python bites you. The ball python grabs you.
The ball python constricts you. The ball python bites you.
The ball python constricts you.
A ball python is nearby!
You shoot a bolt. The bolt hits the ball python.
You kill the ball python!
Unknown command.
Unknown command.
Casting: Slow (safe; 7% risk of failure)
Confirm with . or Enter, or press ? or * to list all spells.
You don't know that spell.
Unknown command.
Unknown command.
Unknown command.
Found a stone staircase leading down.
You see here a ball python corpse.
Found a scroll labelled ZUIFEL LOJEVY.
A frilled lizard and a rat come into view.
The frilled lizard bites you but does no damage.
The frilled lizard bites you. The frilled lizard bites you.
You see here a ball python corpse.
Are you sure you want to abandon this character and quit the game? (Confirm with "yes".)

##§≈ #≈§§≈ §§≈ #≈≈≈≈ ####
≈§≈≈ #≈≈≈≈≈#<>#≈≈§§§
#≈≈#≈≈#..#≈≈#≈≈
#≈≈≈≈≈#§§#§≈≈≈≈ .........
#≈≈≈§§≈§§≈≈§≈§≈##........
##≈≈≈≈§§.≈§§§§##.........
#≈≈≈#§..≈#≈≈≈##.........
##≈≈≈≈..≈≈≈≈###.........
###≈≈..≈≈### #.........
######''#######.........
#...........@l†.........
#....##########r#......#
{
#....##........r#.######
{ #######.........#.#
#.........#.# {
#.........#.#
#....?...>...
#.........#..
#.........#.#..
#########.. . . ... .


You could see a frilled lizard and a rat.

Vanquished Creatures
  A ball python (D:1)
1 creature vanquished.

Notes
Turn   | Place    | Note
-------+----------+-------------------------------------------
     0 | D:1      | petzl the Formicid Arcane Marksman began the quest for the
                  | Orb.
     0 | D:1      | Reached XP level 1. HP: 15/15 MP: 2/2
    38 | D:1      | Quit the game

Illustrated notes

Levels and vault maps discovered:
D:1:      lightli_molten_gateway, layout_rooms, chequers_ecumenical_altar_grove,
          hangedman_abyss_or_decor_stabs

Action                   || total
-------------------------++-------
 Fire: Hand crossbow     ||     5
Armor: Robe              ||     1

Table legend: (Time is in decaauts)
 A = Elapsed time spent in this place.
 B = Non-inter-level travel time spent in this place.
 C = Inter-level travel time spent in this place.
 D = Time resting spent in this place.
 E = Time spent auto-exploring this place.
 F = Levels seen in this place.
 G = Mean time per level.
                   A        B        C        D        E       F      G
               +--------+--------+--------+--------+--------+-----+--------+
         Total |     40 |     40 |      0 |      0 |     17 |   1 |   40.0 |
       Dungeon |     40 |     40 |      0 |      0 |     17 |   1 |   40.0 |
               +--------+--------+--------+--------+--------+-----+--------+

Top non-repeatable levels by time:
     D:1: 40 daAuts
